 Dungeon Crawl Stone Soup version 0.29-a0-352-g0917bc69df (webtiles) character file.

Game seed: 5278705056157680059

462 croobank the Firebug (level 7, 0/42 HPs)
             Began as an Octopode Fire Elementalist on Apr 23, 2022.
             Slain by a lemure (7 damage)
             ... led by Pikel
             ... on level 3 of the Dungeon.
             The game lasted 00:12:04 (3885 turns).

croobank the Firebug (Octopode Fire Elementalist)   Turns: 3885, Time: 00:12:05

Health: 0/42       AC:  1    Str:  6 (7)  XL:     7   Next: 7%
Magic:  1/13       EV: 13    Int: 24      God:
Gold:   100        SH:  0    Dex: 13      Spells: 1/14 levels left

rFire   + . .      SeeInvis .   e - +0 hand axe
rCold   . . .      Faith    .   (no shield)
rNeg    . . .      Spirit   .   (helmet restricted)
rPois   .          Reflect  .   (no amulet)
rElec   .          Harm     .   b - ring "Ottonism" {Wiz *Slow rF+ Int+5}
rCorr   .          Rampage  .   (no ring)
Will    .....                   (no ring)
Stlth   +++.......              (no ring)
HPRegen 0.00/turn               (no ring)
MPRegen 0.13/turn               (no ring)
                                (no ring)
                                (no ring)

@: very slightly contaminated, inhibited regen
A: almost no armour, amphibious, 8 rings, camouflage 1, gelatinous body 1,
(nimble swimmer 1), tentacles, tentacle spike 1, deterioration 1, screaming 1,
inhibited regeneration
a: no special abilities


You were on level 3 of the Dungeon.
You visited 1 branch of the dungeon, and saw 4 of its levels.

You collected 199 gold pieces.
You spent 99 gold pieces at shops.

Inventory:

Hand Weapons
 e - a +0 hand axe (weapon)
 k - a +0 flail of protection
 l - a +0 battleaxe
Missiles
 c - 33 stones
Jewellery
 b - the ring "Ottonism" (left tentacle) {Wiz *Slow rF+ Int+5}
   (You acquired it on level 2 of the Dungeon)

   [ring of wizardry]

   It improves your spell success rate.
   Int:       It affects your intelligence (+5).
   rF:        It protects you from fire.
   *Slow:     It may slow you when you take damage.
Scrolls
 f - a scroll of amnesia
 g - 2 scrolls of teleportation
 i - 3 scrolls of identify
 j - a scroll of fear
Potions
 d - 2 potions of heal wounds
 m - a potion of resistance
 n - 2 potions of curing
 o - 2 potions of degeneration {unknown}


   Skills:
 + Level 0.3 Fighting
 + Level 0.3 Axes
 + Level 2.1 Dodging
 + Level 2.9 Stealth
 + Level 4.1 Spellcasting
 + Level 4.0 Conjurations
 + Level 5.0 Fire Magic


You had one spell level left.
You knew the following spells:

 Your Spells              Type           Power      Damage    Failure   Level
a - Foxfire               Conj/Fire      100%       2x1d9     1%          1
b - Scorch                Fire           58%        2d8       1%          2
c - Conjure Flame         Conj/Fire      26%        6-21      1%          3
d - Flame Wave            Conj/Fire      26%        2d7       6%          4
e - Stone Arrow           Conj/Erth      28%        3d8       5%          3

Your spell library contained the following spells:

 Spells                   Type           Power      Damage    Failure   Level
 Inner Flame              Hex/Fire       17%        N/A       4%          3
 Blink                    Tloc           8%         N/A       6%          2
 Lesser Beckoning         Tloc           4%         N/A       12%         3
 Manifold Assault         Tloc           4%         N/A       69%         5
 Lehudib's Crystal Spear  Conj/Erth      7%         10d3      100%        8
 Animate Armour           Summ/Erth      Unusable   N/A       N/A         4

Dungeon Overview and Level Annotations

Branches:
Dungeon (4/15)
 Temple: D:4-7

Altars:

Shops:
D:3 ?

Annotations:
D:4 Pikel


Innate Abilities, Weirdness & Mutations

You cannot wear most types of armour.
You are amphibious.
You can wear up to eight rings at the same time.
Your skin changes colour to match your surroundings (Stealth+).
Your rubbery body absorbs attacks. (AC +1, EV +1)
((You are camouflaged when in or above water. (Stealth+)))
You have tentacles for arms and can constrict up to eight enemies at once.
One of your tentacles bears a spike.
Your body sometimes deteriorates upon taking damage.
You occasionally shout uncontrollably at your foes.
You do not regenerate when monsters are visible.


Message History

Press: ? - help, Dir - look around, f - activate A wave of flame ripples out!
The flame wave engulfs the lemure!
The lemure is heavily wounded.
The flame wave engulfs the lemure!
The lemure is moderately wounded. (Press . to intensify the flame waves.)
The lemure barely misses you. The lemure hits you.
A wave of flame ripples out!
The flame wave engulfs the lemure.
The lemure is severely wounded.
The flame wave engulfs the lemure.
The lemure is heavily wounded.
The lemure hits you. x2
A wave of flame ripples out!
The flame wave engulfs the lemure!
The lemure is almost dead.
The flame wave engulfs the lemure.
The lemure is severely wounded.
You finish channelling waves of flame.
The lemure hits you!
* * * LOW HITPOINT WARNING * * *
The lemure misses you.
Casting: Flame Wave (quite dangerous; 6% risk of failure)
Confirm with . or Enter, or press ? or * to list all spells.
Flames lash the lemure.
You kill the lemure!
That felt strangely unrewarding.
The lemure misses you.
Casting: Scorch (safe; 1% risk of failure)
Confirm with . or Enter, or press ? or * to list all spells.
You conjure some foxfire!
The lemure closely misses you.
You hit the lemure but do no damage. Your grab misses the lemure.
Your tentacle spike misses the lemure.
Your tentacle-slap misses the lemure.
The lemure is severely wounded.
The foxfire hits the lemure.
The lemure is severely wounded.
The foxfire hits the lemure.
The lemure is almost dead.
The lemure hits you.
* * * LOW HITPOINT WARNING * * *
You closely miss the lemure. Your grab misses the lemure.
The lemure is almost dead.
The lemure barely misses you. The lemure hits you!
You die...

.................# #............
.................# #............
##..)........#...# #............
.............##..# #............
...#######'####..##########.#####
...#######'####......# #.# #
..............##.....# #.# #
##............##ยง....# #.# #
#............##@....# #.# #
#............##.5...# #.# #
#............##.....#### #.# #
#########.#####........# #.# #
#### #.# #........# #.# #
...#######.# #..).....# #.# #
...'.......# ##.....######.# #
...######### #.............# #
...# #.............# #


You could see a lemure.

Vanquished Creatures
  An ogre (D:4)
  A lemure (D:3)
  Blork the orc (D:4)
  A scorpion (D:4)
  Natasha (thrice) (D:2)
  An iguana (D:4)
  2 orc wizards (D:3)
  3 adders
  5 dart slugs
  2 orcs (D:3)
  4 bats
  7 endoplasms
  2 giant cockroaches (D:1)
  6 goblins
  6 hobgoblins
  4 kobolds
  3 quokkas
  6 ball pythons
  5 frilled lizards
  6 rats
69 creatures vanquished.

Vanquished Creatures (collateral kills)
  A foxfire (D:1)
1 creature vanquished.

Vanquished Creatures (others)
  137 foxfires
137 creatures vanquished.

Grand Total: 207 creatures vanquished

Notes
Turn   | Place    | Note
-------+----------+-------------------------------------------
     0 | D:1      | croobank the Octopode Fire Elementalist began the quest for
                  | the Orb.
     0 | D:1      | Reached XP level 1. HP: 11/11 MP: 3/3
   116 | D:1      | Reached XP level 2. HP: 17/17 MP: 3/5
   119 | D:1      | Learned a level 2 spell: Scorch
   524 | D:1      | Reached XP level 3. HP: 21/21 MP: 2/6
   528 | D:1      | Learned a level 3 spell: Conjure Flame
  1201 | D:2      | Reached XP level 4. HP: 13/27 MP: 1/8
  1551 | D:2      | Identified a scroll of acquirement
  1551 | D:2      | Acquired the ring "Ottonism" {Wiz *Slow rF+ Int+5}
  1566 | D:2      | Identified the +2 robe of Fefyazi {Regen+ Dex+4 Stlth+}
  2019 | D:2      | Noticed Natasha
  2021 | D:2      | Killed Natasha
  2189 | D:2      | Noticed Natasha
  2197 | D:2      | Killed Natasha
  2198 | D:2      | Reached skill level 4 in Fire Magic
  2198 | D:2      | Reached XP level 5. HP: 10/31 MP: 2/9
  2494 | D:3      | Learned a level 4 spell: Flame Wave
  2781 | D:3      | Found Pokoytoz's Magic Scroll Shoppe.
  2790 | D:3      | Bought a scroll of identify for 22 gold pieces
  2790 | D:3      | Bought a scroll of identify for 22 gold pieces
  2790 | D:3      | Bought a scroll of identify for 22 gold pieces
  2790 | D:3      | Bought a scroll of teleportation for 33 gold pieces
  3299 | D:2      | Noticed Natasha
  3305 | D:2      | Killed Natasha
  3404 | D:4      | Noticed a wyvern
  3482 | D:4      | Gained mutation: You do not regenerate when monsters are
                  | visible. [potion of mutation]
  3482 | D:4      | Gained mutation: One of your tentacles bears a spike.
                  | [potion of mutation]
  3482 | D:4      | Gained mutation: You have hidden genetic defects. [potion
                  | of mutation]
  3491 | D:4      | Reached XP level 6. HP: 36/36 MP: 6/11
  3553 | D:4      | Gained mutation: Your body sometimes deteriorates upon
                  | taking damage. [hidden defects]
  3573 | D:4      | Noticed Blork the orc
  3577 | D:4      | Gained mutation: You occasionally shout uncontrollably at
                  | your foes. [hidden defects]
  3577 | D:4      | Lost mutation: You have hidden genetic defects. [hidden
                  | defects expressed]
  3594 | D:4      | Killed Blork the orc
  3629 | D:4      | Learned a level 3 spell: Stone Arrow
  3699 | D:4      | Reached skill level 5 in Fire Magic
  3699 | D:4      | Reached XP level 7. HP: 42/42 MP: 5/13
  3870 | D:4      | Noticed Pikel
  3885 | D:3      | Slain by a lemure

Illustrated notes

Levels and vault maps discovered:
D:1:      scummos_arrival_checkerplants, layout_basic, st_stairs_7
D:2:      layout_basic, minmay_tree_intersection, uniq_natasha
D:3:      layout_basic, serial_shops, nicolae_lakefront_shop
D:4:      layout_gridville, minivault_14, wad_woods_river_04,
          minmay_box_of_dots, uniq_sigmund, uniq_blork_the_orc, uniq_pikel

Skill      XL: |  1  2  3  4  5  6 |
---------------+-------------------+-----
Conjurations   | 2 3 4 |  4.0
Spellcasting   | 3 4 |  4.1
Fire Magic     | 4 5 |  5.0
Fighting       | |  0.3
Axes           | |  0.3
Dodging        | |  2.1
Stealth        | |  2.9

Action                   |  1- 3 |  4- 6 |  7- 9 || total
-------------------------+-------+-------+-------++-------
Melee: Unarmed           |    12 |       |       ||    12
       Constrict         |     3 |       |       ||     3
       Tentacles         |     2 |       |       ||     2
       Flail             |       |     7 |       ||     7
       Hand axe          |       |       |     2 ||     2
 Cast: Foxfire           |    47 |    28 |     1 ||    76
       Scorch            |     8 |    29 |     1 ||    38
       Flame Wave        |       |       |     1 ||     1
  Use: Scroll            |     2 |     7 |       ||     9
       Potion            |       |     4 |       ||     4
Armor: Skin              |       |     5 |       ||     5
Dodge: Dodged            |    12 |     4 |     6 ||    22

Table legend: (Time is in decaauts)
 A = Elapsed time spent in this place.
 B = Non-inter-level travel time spent in this place.
 C = Inter-level travel time spent in this place.
 D = Time resting spent in this place.
 E = Time spent auto-exploring this place.
 F = Levels seen in this place.
 G = Mean time per level.
                   A        B        C        D        E       F      G
               +--------+--------+--------+--------+--------+-----+--------+
         Total |   3898 |   3768 |    130 |    410 |   2773 |   4 |  974.5 |
       Dungeon |   3898 |   3768 |    130 |    410 |   2773 |   4 |  974.5 |
               +--------+--------+--------+--------+--------+-----+--------+

Top non-repeatable levels by time:
     D:2: 1473 daAuts
     D:1: 1035 daAuts
     D:3: 910 daAuts
     D:4: 479 daAuts
